 Dungeon Crawl Stone Soup version 0.18.1-48-g4cf74bf (webtiles) character file.

461 Laphicet the Slasher (level 6, -1/53 HPs)
             Began as a Draconian Berserker on Sept 7, 2016.
             Was an Elder of Trog.
             Slain by Grinder (3 damage)
             ... while paralysed by Grinder
             ... on level 4 of the Dungeon.
             The game lasted 00:07:16 (3960 turns).

Laphicet the Slasher (Draconian Berserker)          Turns: 3960, Time: 00:07:16

Health: -1/53      AC:  7    Str: 20    XL:     6   Next: 79%
Magic:  6/6        EV:  2    Int:  9    God:    Trog [****..]
Gold:   256        SH:  0    Dex: 10    Spells: 0 memorised, 5 levels left

rFire  . . .     SeeInvis .     a - +0 falchion
rCold  . . .     Gourm    .     (armour unavailable)
rNeg   . . .     Faith    .     (no shield)
rPois  .         Spirit   .     (helmet restricted)
rElec  .         Dismiss  .     (no cloak)
rCorr  .         Reflect  .     e - +0 pair of gloves
SustAt .         Harm     .     (no boots)
MR     .....                    (no amulet)
Stlth  +.........               (no ring)
                                l - ring of loudness (curse)

@: paralysed, exhausted, slowed, not resistant to hostile enchantments, very
unstealthy
A: unfitting armour, cold-blooded, AC +6
a: Berserk, Trog's Hand, Brothers in Arms, Burn Spellbooks, Renounce Religion


You were on level 4 of the Dungeon.
You worshipped Trog.
Trog was greatly pleased with you.
You were very hungry.

You visited 1 branch of the dungeon, and saw 4 of its levels.

You collected 256 gold pieces.

Inventory:

Hand Weapons
 a - a +0 falchion (weapon)
Missiles
 d - a throwing net (quivered)
Armour
 e - a +0 pair of gloves (worn)
Jewellery
 l - a cursed ring of loudness (left hand)
Wands
 h - a wand of lightning (5/15)
 r - a wand of flame (35/48)
Scrolls
 c - 3 scrolls of magic mapping
 j - 2 scrolls of immolation
 n - a scroll of fear {unknown}
 q - a scroll of amnesia {unknown}
 s - a scroll of identify
 u - a scroll of random uselessness {unknown}
 w - a scroll of remove curse
Potions
 f - a potion of brilliance
 i - 2 potions of haste
 m - a potion of cancellation {unknown}
 p - a potion of curing {unknown}
 v - a potion of ambrosia {unknown}
Comestibles
 b - 5 bread rations
 g - a royal jelly
 k - 7 chunks of flesh
 o - a beef jerky
 t - a meat ration


   Skills:
 + Level 4.7 Fighting
 * Level 5.4 Long Blades
 + Level 4.0 Dodging
 + Level 2.8 Stealth


You had 5 spell levels left.
You didn't know any spells.

Dungeon Overview and Level Annotations

Branches:
Dungeon (4/15)
 Temple: D:4-7

Altars:
Ashenzari
Makhleb
Qazlal
Xom
Yredelemnul

Annotations:
D:4 Grinder


Innate Abilities, Weirdness & Mutations

Your plain brown scales are hard (AC +6).
Your body does not fit into most forms of armour.
You are cold-blooded and may be slowed by cold attacks.


Message History

Butcher a giant newt corpse? [(y)es/(c)hoosy/(n)o/(a)ll/(e)dible/(q)uit/?]
Butcher a jackal corpse? [(y)es/(c)hoosy/(n)o/(a)ll/(e)dible/(q)uit/?]
There isn't anything else to butcher here.
You butcher the giant newt corpse.
Grinder gestures at you. Pain shoots through your body!
Things that are here:
a jackal corpse; a chunk of flesh You butcher the jackal corpse.
Grinder gestures at you.
You suddenly lose the ability to move!
Grinder hits you!
You writhe in agony.
Grinder hits you.
* * * LOW HITPOINT WARNING * * *
You writhe in agony.
* * * LOW HITPOINT WARNING * * *
Grinder hits you!
* * * LOW HITPOINT WARNING * * *
You writhe in agony.
You die...

######## ########......#
.###########.....##......#
........5@........'.......
.........†[..#<(.##......#
.......############......#
>...... .........')......
....... #.......##......#
##..... #....b..##......#
###### #.......##.b....#
#.......##......#
#.......#########


You could see Grinder.

Vanquished Creatures
  The ghost of Galewind the Magician, an amateur DECj (D:4)
  An orc priest (D:3)
  An orc wizard (D:3)
  7 gnolls (D:2)
  4 adders
  A shadow imp (D:3)
  4 oozes
  4 worms (D:2)
  2 dart slugs
  15 orcs
  9 giant cockroaches
  7 goblins
  9 hobgoblins
  8 jackals
  5 kobolds
  2 quokkas
  2 ball pythons
  A ball python skeleton (D:4)
  5 bats
  3 giant newts
  7 rats
98 creatures vanquished.

Notes
Turn   | Place    | Note
--------------------------------------------------------------
     0 | D:1      | Laphicet the Draconian Berserker began the quest for the Orb.
     0 | D:1      | Reached XP level 1. HP: 19/19 MP: 1/1
   376 | D:1      | Reached XP level 2. HP: 26/26 MP: 2/2
   383 | D:1      | Reached skill level 1 in Stealth
   904 | D:2      | Reached ** piety under Trog
   924 | D:2      | Reached XP level 3. HP: 19/31 MP: 3/3
  1627 | D:2      | Reached XP level 4. HP: 40/40 MP: 4/4
  1691 | D:2      | Reached skill level 4 in Long Blades
  1850 | D:2      | Found a stormy altar of Qazlal.
  1918 | D:2      | Reached XP level 5. HP: 22/46 MP: 5/5
  2191 | D:3      | Reached *** piety under Trog
  2550 | D:3      | Found a basalt altar of Yredelemnul.
  2550 | D:3      | Found a shattered altar of Ashenzari.
  2998 | D:3      | Found a burning altar of Makhleb.
  3453 | D:3      | Reached XP level 6. HP: 50/53 MP: 6/6
  3632 | D:4      | Reached **** piety under Trog
  3808 | D:4      | Noticed Galewind's ghost (amateur DECj)
  3852 | D:4      | Killed Galewind's ghost
  3852 | D:4      | Reached skill level 5 in Long Blades
  3876 | D:4      | Found a shimmering altar of Xom.
  3938 | D:4      | Noticed Grinder
  3957 | D:4      | Paralysed by Grinder for 6 turns
  3960 | D:4      | HP: 2/53 [Grinder (11)]
  3960 | D:4      | Slain by Grinder

Skill      XL: |  1  2  3  4  5  6 |
---------------+-------------------+-----
Stealth        | 1 2 |  2.8
Dodging        | 3 4 |  4.0
Long Blades    | 4 5 |  5.4
Fighting       | 4 |  4.7

Action                   |  1- 3 |  4- 6 || total
-------------------------+-------+-------++-------
Melee: Falchion          |   111 |   203 ||   314
       Tailslap          |    17 |    24 ||    41
Invok: Berserk           |     3 |     7 ||    10
       Trog's Hand       |       |     1 ||     1
  Use: Scroll            |     5 |     3 ||     8
       Potion            |       |     1 ||     1
 Stab: Sleeping          |     7 |       ||     7
  Eat: Chunk             |     4 |    15 ||    19
Armor: Skin              |    30 |    64 ||    94
Dodge: Dodged            |    64 |   156 ||   220
